 Dungeon Crawl Stone Soup version 0.16-a0-3159-g1b9e691 (webtiles) character file.

146148 Malachi the Peltast (level 18, -6/144 (146) HPs)
             Began as a Formicid Fighter on Dec 15, 2014.
             Was a High Priest of Okawaru.
             Succumbed to poison (dark miasma)
             ... on level 1 of the Depths.
             The game lasted 01:57:38 (34759 turns).

Malachi the Peltast (Formicid Fighter)             Turns: 34759, Time: 01:57:39

HP:   -6/144 (146)  AC: 25    Str: 33      XL:     18   Next: 6%
MP:   2/28          EV: 16    Int:  8 (10) God:    Okawaru [*****.]
Gold: 1014          SH: 31    Dex: 11      Spells: 0 memorised, 17 levels left

rFire  + + .     SeeInvis +     h - +2 broad axe (freeze)
rCold  + . .     Clarity  .     i - +10 scale mail of the Quahog {rF+ rC+ Int+3 Stlth+}
rNeg   . . .     SustAb   +     Z - +8 large shield {reflect}
rPois  .         Gourm    .     (helmet unavailable)
rElec  .         Spirit   +     u - +0 cloak {+Inv}
rCorr  .         Warding  .     f - +2 pair of gloves {Str+3}
rMut   .         Stasis   +     J - +1 pair of boots {Fly}
MR     +++..                    R - amulet of guardian spirit
Stlth  ++++......               p - ring of stealth
                                q - ring of Gluttony {SustAb Contam +Fly rF+ MR++ Dex+1}

@: lethally poisoned, non-regenerating, rotting, diseased, drained, extremely
resistant to hostile enchantments, stealthy
A: permanent stasis, dig shafts and tunnels, four strong arms, antennae 3
a: Dig, Shaft Self, Heroism, Renounce Religion, Evoke Invisibility, Evoke Flight


You were on level 1 of the Depths.
You worshipped Okawaru.
Okawaru was extremely pleased with you.
You were not hungry.

You visited 4 branches of the dungeon, and saw 28 of its levels.
You also visited: Bailey and Ice Cave.

You collected 3675 gold pieces.
You spent 2661 gold pieces at shops.

Inventory:

Hand weapons
 h - a +2 broad axe of freezing (weapon)
 z - a +0 blowgun
 F - the +1 war axe of Canuih {flame, rF+ MR++}
   (You bought it in a shop on level 4 of the Orcish Mines)

   It emits flame when wielded, causing extra injury to most foes and up to
   double damage against particularly susceptible opponents.
   Big, fiery blades are also staple armaments of hydra-hunters.
   It protects you from fire.
   It affects your resistance to hostile enchantments.
 I - a +1 antimagic war axe
 N - a +1 great mace of holy wrath
 T - a +1 dire flail of protection
Missiles
 b - 35 tomahawks of returning (quivered)
 S - 4 curare-tipped needles
Armour
 a - the +4 shield of Inevitability {rPois rF+}
   (You bought it in a shop on level 1 of the Depths)

   It protects you from fire.
   It protects you from poison.
 f - a +2 pair of gloves of strength (worn)
 i - the +10 scale mail of the Quahog (worn) {rF+ rC+ Int+3 Stlth+}
   (You bought it in a shop on level 8 of the Dungeon)

   It affects your intelligence (+3).
   It protects you from fire.
   It protects you from cold.
   It makes you more stealthy.
 u - a +0 cloak of invisibility (worn)
 G - a +0 shield of fire resistance
 J - a +1 pair of boots of flying (worn)
 M - the +0 cloak of the Hidden Lies {Int+4}
   (Okawaru gifted it to you on level 11 of the Dungeon)

   It affects your intelligence (+4).
 Z - a +8 large shield of reflection (worn)
Jewellery
 g - an uncursed ring of fire
 o - the ring "Nait" {Wiz Str+4}
   (You found it on level 5 of the Dungeon)

   [ring of wizardry]

   It improves your spell success rate.
   It affects your strength (+4).
 p - a ring of stealth (right hand)
 q - the ring of Gluttony (left hand) {SustAb Contam +Fly rF+ MR++ Dex+1}
   (You bought it in a shop on level 4 of the Orcish Mines)

   [ring of sustain abilities]

   It sustains your strength, intelligence and dexterity.
   It affects your dexterity (+1).
   It protects you from fire.
   It affects your resistance to hostile enchantments.
   It lets you fly.
   It causes magical contamination when unequipped.
 R - an amulet of guardian spirit (around neck)
 U - an uncursed ring of wizardry
Magical devices
 c - a wand of random effects (5)
 l - a wand of fire (2)
Scrolls
 k - 7 scrolls of identify
 y - 7 scrolls of fear
 D - a scroll of amnesia
 Q - a scroll of fog
 Y - a scroll of remove curse
Potions
 e - 4 potions of might
 m - 6 potions of curing
 n - 3 potions of restore abilities
 s - 2 potions of heal wounds
 t - 4 potions of brilliance
 B - 2 potions of flight
 E - a potion of cancellation
 L - a potion of agility
Comestibles
 d - 21 bread rations
 j - 2 slices of pizza
 r - 6 meat rations
 v - 5 fruits
 A - 10 beef jerkies


   Skills:
 + Level 14.1(13.7) Fighting
 + Level 7.7(11.4) Axes
 - Level 14.0(14.2) Maces & Flails
 + Level 2.3(2.0) Throwing
 + Level 9.1(8.7) Armour
 + Level 12.5(12.0) Dodging
 + Level 7.3(6.9) Stealth
 + Level 17.9(17.4) Shields
 + Level 5.4(5.0) Invocations
 + Level 0.5(0.2) Evocations


You had 17 spell levels left.
You didn't know any spells.

Dungeon Overview and Level Annotations

Branches:
Dungeon (15/15)            Temple (0/1) D:5            Lair (8/8) D:9
 Shoals (0/5) Lair:3        Snake (0/5) Lair:5        Slime (0/6) Lair:8
    Orc (4/4) D:9             Elf (0/3) Orc:4        Vaults (0/5) D:13
 Depths (1/5) D:15

Altars:
Ashenzari
Cheibriados
Dithmenos
Fedhas
Gozag
Kikubaaqudgha
Makhleb
Okawaru
Qazlal
Ru
Sif Muna
Trog
Zin
The Shining One
Beogh

Shops:
D:5 %   D:6 [   D:8 [   D:10 %   Orc:4 [(=(*   Depths:1 [}

Portals:
Hell: Depths:1
Abyss: Depths:1

Annotations:
Depths:1 runed door


Innate Abilities, Weirdness & Mutations

You are under a permanent stasis effect.
You can dig through walls and to a lower floor.
Your four strong arms can wield two-handed weapons with a shield.
You have a pair of large antennae on your head (SInv).


Message History

* * * LOW HITPOINT WARNING * * *
You feel your flesh rotting away.
* * * LOW HITPOINT WARNING * * *
You feel very sick.
Drink which item? (? for menu, Esc to quit)
You feel much better.
You are engulfed in dark miasma.
You are more poisoned.
* * * LOW HITPOINT WARNING * * *
x2 You feel extremely sick.
You block the merfolk impaler's attack.
The merfolk impaler hits you with a trident of draining!
* * * LOW HITPOINT WARNING * * *
You feel drained.
* * * LOW HITPOINT WARNING * * *
You hit the merfolk impaler. You freeze the merfolk impaler.
The merfolk impaler is lightly wounded.
You are engulfed in dark miasma.
You are more poisoned.
You feel your flesh rotting away!
* * * LOW HITPOINT WARNING * * *
You die...

#.)))...# # #.......#
#.......# ####....# #(...#
###########+##....#
.........#.[##....#
.........#m≈##....#
..........##@##....#####
..........##§##......).#
...........##§##....###.#
............##§##........##
............##'##.........#
............##.##.........#
........................8...#
............................#
.........(..................#


You could see a merfolk impaler.

Vanquished Creatures
  Sojobo (Depths:1)
  2 tengu reavers (Depths:1)
  Jorgrun (Depths:1)
  3 stone giants
  A very ugly thing (Depths:1)
  8 dire elephants
  2 ettins
  2 fire dragons
  2 jiangshi (Depths:1)
  A great orb of eyes (Depths:1)
  2 ice dragons
  Harold (Lair:8)
  3 hydras
  An ogre mage (D:15)
  The ghost of Gorice the Basher, a powerful DsWn of Okawaru (IceCv)
  The ghost of Johnny the Quickloader, a powerful HuHu of Okawaru (Lair:2)
  A merfolk avatar (Depths:1)
  Erica (D:10)
  2 deep troll shamans (Depths:1)
  An anaconda (Lair:8)
  3 centaur warriors
  A vampire mage (Depths:1)
  6 tengu warriors
  6 death yaks
  Urug (D:12)
  5 orc high priests (Orc:4)
  Nergalle (D:11)
  A catoblepas (D:13)
  A deep elf knight (Depths:1)
  4 deep trolls (Depths:1)
  4 unseen horrors
  An ice devil (IceCv)
  2 ice statues (IceCv)
  2 deep elf summoners (Depths:1)
  5 hill giants
  Pikel (D:7)
  2 wolf spider zombies (D:15)
  3 wizards (D:13)
  A flayed ghost (Depths:1)
  A griffon (Lair:8)
  A deep elf conjurer (Depths:1)
  22 ugly things
  A cyclops (Orc:3)
  An orc sorcerer (Orc:4)
  A necromancer (IceCv)
  6 orc knights
  17 elephants
  A siren (Lair:3)
  2 black mambas
  3 centaur zombies
  A black mamba (shapeshifter) (Depths:1)
  Psyche (D:10)
  6 komodo dragons
  2 kobold demonologists
  3 fire drakes
  17 spiny frogs
  5 yaktaurs (Depths:1)
  2 deep elf priests (Depths:1)
  5 trolls
  6 two-headed ogres
  A merfolk (Lair:3)
  2 tengu conjurers
  A polar bear (Lair:6)
  Sonja (D:13)
  10 blue devils
  25 slime creatures
  22 blink frogs
  15 ravens
  A boulder beetle (Lair:8)
  3 basilisks
  2 deep elf magi (D:13)
  63 yaks
  A wraith (D:15)
  5 wyverns
  A vampire (D:13)
  A tarantella (Depths:1)
  A trapdoor spider (D:12)
  2 deep elf fighters
  A tarantella (shapeshifter) (Depths:1)
  2 hungry ghosts
  4 vampire mosquitoes (D:12)
  A redback (Depths:1)
  Grum (D:10)
  4 hippogriffs
  10 wolves
  A redback simulacrum (D:13)
  A mottled dragon (D:11)
  12 water moccasins
  10 porcupines
  3 wargs
  51 orc warriors
  A sky beast (D:6)
  2 phantoms
  7 ice beasts
  8 boggarts
  3 black bears
  16 centaurs
  12 crocodiles
  20 giant frogs
  14 ogres
  3 boring beetles (Lair:8)
  2 brain worms
  4 big kobolds
  6 scorpions
  12 killer bees
  A wyvern skeleton (D:14)
  7 wights
  A draconian simulacrum (IceCv)
  5 goliath beetles
  8 crimson imps
  8 iguanas
  9 jellies
  A giant frog skeleton (D:12)
  43 orc priests
  22 orc wizards
  3 centaur skeletons
  12 worker ants
  12 hounds
  3 hell rats
  A spriggan simulacrum (IceCv)
  2 troll simulacra (IceCv)
  34 sheep
  A centaur simulacrum (IceCv)
  A hound skeleton (D:8)
  A worker ant zombie (D:11)
  70 river rats
  22 adders
  3 gnolls (Bailey)
  5 naga simulacra (IceCv)
  5 shadow imps
  5 worms
  2 adder skeletons
  5 giant geckos
  4 oozes
  208 orcs
  3 ball pythons (D:1)
  17 bats
  2 bat zombies (D:6)
  5 giant cockroaches
  16 goblins
  22 hobgoblins
  14 jackals
  43 kobolds
  10 quokkas
  A giant cockroach zombie (D:6)
  5 giant newts
  2 giant spores
  30 rats
  A rat zombie (D:6)
  7 ballistomycetes
  A bush (Lair:8)
  A fungus (Lair:7)
  2 plants (Lair:8)
1245 creatures vanquished.

Vanquished Creatures (others)
  2 stone giants (Depths:1)
  A centaur warrior (D:15)
  2 yaktaurs (Depths:1)
  A boggart (Depths:1)
  A big kobold (Depths:1)
  A giant frog (D:8)
  Natasha (D:5)
  An adder (D:7)
  A giant spore (D:8)
  A bush (Lair:8)
  14 fungi
  5 plants (Lair:8)
31 creatures vanquished.

Grand Total: 1276 creatures vanquished

Notes
Turn   | Place    | Note
--------------------------------------------------------------
     0 | D:1      | Malachi, the Formicid Fighter, began the quest for the Orb.
     0 | D:1      | Reached XP level 1. HP: 18/18 MP: 1/1
     3 | D:1      | Found a glowing golden altar of the Shining One.
    69 | D:1      | Reached XP level 2. HP: 16/24 MP: 3/3
   186 | D:1      | Reached XP level 3. HP: 24/29 MP: 4/4
   250 | D:1      | Reached skill level 1 in Dodging
   715 | D:1      | Reached skill level 4 in Shields
   852 | D:2      | Reached XP level 4. HP: 36/36 MP: 5/5
   906 | D:2      | Found a blossoming altar of Fedhas.
  1184 | D:2      | Found a stormy altar of Qazlal.
  1193 | D:2      | Found a blossoming altar of Fedhas.
  1504 | D:2      | Found a deep blue altar of Sif Muna.
  1708 | D:3      | Reached XP level 5. HP: 38/42 MP: 7/7
  2211 | D:3      | Found a shadowy altar of Dithmenos.
  2264 | D:3      | Reached XP level 6. HP: 45/48 MP: 8/8
  2447 | D:3      | Reached skill level 5 in Shields
  3366 | D:4      | Found a shattered altar of Ashenzari.
  3461 | D:4      | Reached XP level 7. HP: 47/54 MP: 9/9
  4033 | D:5      | Entered Level 5 of the Dungeon
  4126 | D:5      | Found an iron altar of Okawaru.
  4145 | D:5      | Got a faintly humming ring mail
  4156 | D:5      | Identified the +0 ring mail of Somewhere Else {rC+ Dex+3} (You found it on level 5 of the Dungeon)
  4173 | D:5      | Became a worshipper of Warmaster Okawaru
  4235 | D:5      | Found Nuhushru's Food Boutique.
  4305 | D:5      | Got a translucent ring mail
  4316 | D:5      | Identified the +1 ring mail of Idealism {Int+2 Dex+4} (You found it on level 5 of the Dungeon)
  4427 | D:5      | Noticed Natasha
  4431 | D:5      | Found a staircase to the Ecumenical Temple.
  4440 | D:5      | Killed Natasha
  4440 | D:5      | Reached skill level 5 in Armour
  4453 | D:5      | Got a heavily runed jade ring
  4454 | D:5      | Identified the ring "Nait" {Wiz Str+4} (You found it on level 5 of the Dungeon)
  4460 | D:5      | Reached skill level 6 in Shields
  4778 | D:6      | Found Quavow's Antique Armour Emporium.
  4901 | D:6      | Reached skill level 1 in Stealth
  4910 | D:6      | Reached XP level 8. HP: 41/61 MP: 11/11
  5264 | D:6      | Found an ancient bone altar of Kikubaaqudgha.
  5366 | D:6      | Found a glowing silver altar of Zin.
  5760 | D:6      | Found a glowing silver altar of Zin.
  5760 | D:6      | Found an opulent altar of Gozag.
  6223 | D:6      | Reached skill level 5 in Fighting
  6264 | D:6      | Reached skill level 7 in Shields
  6276 | D:6      | Acquired Okawaru's first power
  6470 | D:7      | Found a burning altar of Makhleb.
  6485 | D:7      | Reached XP level 9. HP: 60/68 MP: 12/12
  6766 | D:7      | Reached skill level 5 in Maces & Flails
  6840 | D:7      | Reached skill level 8 in Shields
  7297 | D:7      | Noticed Pikel
  7311 | D:7      | Killed Pikel
  7311 | D:7      | Reached skill level 5 in Dodging
  7311 | D:7      | Reached XP level 10. HP: 74/79 MP: 10/14
  7335 | D:7      | Reached skill level 1 in Invocations
  7828 | D:8      | Found a flagged portal.
  7858 | Bailey   | Entered a bailey
  7923 | Bailey   | Reached skill level 9 in Shields
  7984 | Bailey   | Noticed an orc knight
  8014 | Bailey   | Killed an orc knight
  8014 | Bailey   | Reached skill level 1 in Throwing
  8486 | D:8      | Found Esilaf's Armour Shop.
  8499 | D:8      | Bought the +10 scale mail of the Quahog {rF+ rC+ Int+3 Stlth+} for 925 gold pieces
  9674 | D:9      | Found a staircase to the Orcish Mines.
  9760 | D:9      | Found a staircase to the Lair.
  9790 | D:9      | Reached XP level 11. HP: 74/86 MP: 17/17
  9968 | D:9      | Reached skill level 10 in Shields
  9974 | D:9      | Found a bloodstained altar of Trog.
 10274 | D:9      | Found a snail-covered altar of Cheibriados.
 10294 | D:9      | Noticed a centaur warrior
 10304 | D:9      | Killed a centaur warrior
 10304 | D:9      | Received a gift from Okawaru
 10460 | D:10     | Entered Level 10 of the Dungeon
 10460 | D:10     | Noticed Grum
 10474 | D:10     | Killed Grum
 10885 | D:10     | Noticed Psyche
 10894 | D:10     | Killed Psyche
 10927 | D:10     | Found Ytuunei's Food Shoppe.
 10934 | D:10     | Noticed an unseen horror
 10942 | D:10     | Killed an unseen horror
 10942 | D:10     | Acquired Okawaru's second power
 10942 | D:10     | Reached skill level 11 in Shields
 10966 | D:10     | Noticed Erica
 10989 | D:10     | Killed Erica
 11277 | D:10     | Noticed an unseen horror
 11290 | D:10     | Killed an unseen horror
 11290 | D:10     | Reached XP level 12. HP: 77/94 MP: 19/19
 11639 | D:11     | Found a sacrificial altar of Ru.
 11927 | D:11     | Noticed Nergalle
 11955 | D:11     | Noticed a spectral orc warlord
 11964 | D:11     | Killed Nergalle
 11964 | D:11     | Received a gift from Okawaru
 11967 | D:11     | Got a distressingly furry cloak {god gift}
 11973 | D:11     | Identified the +0 cloak of the Hidden Lies {Int+4} (Okawaru gifted it to you on level 11 of the Dungeon)
 12416 | D:12     | Noticed Urug
 12740 | Lair:1   | Entered Level 1 of the Lair of Beasts
 13195 | Lair:1   | Reached skill level 12 in Shields
 13523 | Lair:1   | Reached skill level 10 in Maces & Flails
 13617 | Lair:2   | Noticed Johnny's ghost (powerful HuHu)
 13652 | Lair:2   | Killed Johnny's ghost
 14269 | Lair:2   | Reached XP level 13. HP: 97/101 MP: 20/20
 15329 | Lair:3   | Identified a scroll of acquirement
 15499 | Lair:3   | Received a gift from Okawaru
 16090 | Lair:3   | Reached skill level 13 in Shields
 16093 | Lair:3   | Found a staircase to the Shoals.
 16104 | Lair:3   | Reached skill level 10 in Fighting
 17250 | Lair:4   | Received a gift from Okawaru
 17304 | Lair:4   | Reached skill level 5 in Stealth
 18117 | Lair:5   | Found a staircase to the Snake Pit.
 18522 | Lair:5   | Reached XP level 14. HP: 109/111 MP: 23/23
 19172 | Lair:6   | Received a gift from Okawaru
 19329 | Lair:6   | Reached skill level 14 in Shields
 21114 | Lair:8   | Entered Level 8 of the Lair of Beasts
 21133 | Lair:8   | Noticed Harold
 21144 | Lair:8   | Killed Harold
 21154 | Lair:8   | Found a staircase to the Slime Pits.
 21198 | Lair:8   | Reached skill level 10 in Dodging
 21409 | Lair:8   | Found a frozen archway.
 21434 | IceCv    | Entered an ice cave
 21598 | IceCv    | Received a gift from Okawaru
 21791 | IceCv    | Noticed Gorice's ghost (powerful DsWn)
 22121 | IceCv    | Killed Gorice's ghost
 22182 | IceCv    | Got an ancient buckler
 22262 | IceCv    | Identified the +2 buckler of Dim Light {Str+2 Dex+5} (You found it in an ice cave)
 22480 | Lair:8   | Reached XP level 15. HP: 120/120 MP: 24/24
 23672 | Lair:8   | Reached skill level 15 in Shields
 24173 | Orc:1    | Entered Level 1 of the Orcish Mines
 24332 | Orc:1    | Found a bloodstained altar of Trog.
 25047 | Orc:3    | Found a roughly hewn altar of Beogh.
 25176 | Orc:4    | Entered Level 4 of the Orcish Mines
 25261 | Orc:4    | Found a staircase to the Elven Halls.
 26062 | Orc:4    | Found Anatz's Antique Weapon Emporium.
 26064 | Orc:4    | Found Rila's Weapon Shoppe.
 26065 | Orc:4    | Found Tohaif's General Store.
 26066 | Orc:4    | Found Sozumn's Jewellery Emporium.
 26071 | Orc:4    | Bought the ring of Gluttony {SustAb Contam +Fly rF+ MR++ Dex+1} for 577 gold pieces
 26373 | Orc:4    | Found Khuhiri's Antique Armour Shop.
 26387 | Orc:4    | Bought a glowing cloak for 144 gold pieces
 27636 | D:12     | Reached XP level 16. HP: 101/129 MP: 22/25
 27748 | D:12     | Found a roughly hewn altar of Beogh.
 28276 | D:12     | Killed Urug
 28518 | Orc:4    | Bought a crystal war axe for 204 gold pieces
 28518 | Orc:4    | Identified the cursed +1 war axe of Canuih {flame, rF+ MR++} (You bought it in a shop on level 4 of the Orcish Mines)
 28981 | Lair:8   | Reached skill level 1 in Axes
 29738 | D:13     | Reached skill level 16 in Shields
 29885 | D:13     | Noticed Sonja
 29892 | D:13     | Killed Sonja
 29981 | D:13     | Received a gift from Okawaru
 29989 | D:13     | Found a gate to the Vaults.
 31414 | D:14     | Found a stormy altar of Qazlal.
 32178 | D:15     | Entered Level 15 of the Dungeon
 32490 | D:15     | Reached XP level 17. HP: 109/137 MP: 20/27
 32505 | D:15     | Found a staircase to the Depths.
 32672 | D:15     | Reached skill level 5 in Axes
 32752 | D:15     | Received a gift from Okawaru
 33068 | Depths:1 | Entered Level 1 of the Depths
 33078 | Depths:1 | Reached skill level 17 in Shields
 33101 | Depths:1 | Found Qig Jirph's Armour Shop.
 33110 | Depths:1 | Bought the +4 shield of Inevitability {rPois rF+} for 811 gold pieces
 33138 | Depths:1 | Found a sacrificial altar of Ru.
 33181 | D:15     | Reached skill level 5 in Invocations
 33482 | D:15     | Received a gift from Okawaru
 33531 | Depths:1 | Noticed Jorgrun
 33575 | Depths:1 | Killed Jorgrun
 33902 | Depths:1 | Noticed Sojobo
 34386 | Depths:1 | Killed Sojobo
 34407 | Depths:1 | Found a one-way gate to the infinite horrors of the Abyss.
 34431 | Depths:1 | Found a gateway to Hell.
 34566 | Depths:1 | Found Praamesif's Gadget Shop.
 34629 | Depths:1 | Found a runed warning-scrawled door.
 34660 | Depths:1 | Reached XP level 18. HP: 146/146 MP: 28/28
 34668 | Depths:1 | Found a runed door.
 34668 | Depths:1 | Found a runed door.
 34759 | Depths:1 | HP: 3/144 [something (5)]
 34759 | Depths:1 | Succumbed to poison (dark miasma)

Action                   |  1- 3 |  4- 6 |  7- 9 | 10-12 | 13-15 | 16-18 || total
-------------------------+-------+-------+-------+-------+-------+-------++-------
Melee: Flail             |   128 |   252 |   248 |       |       |       ||   628
       Morningstar       |       |       |    86 |   710 |       |       ||   796
       Dire flail        |       |       |       |   220 |   187 |     7 ||   414
       Great mace        |       |       |       |       |  1750 |   253 ||  2003
       Broad axe         |       |       |       |       |       |   672 ||   672
       War axe           |       |       |       |       |       |    66 ||    66
 Fire: Blowgun           |       |       |     2 |    20 |       |       ||    22
Throw: Tomahawk          |       |       |       |     8 |     8 |     1 ||    17
Invok: Heroism           |       |       |     2 |    13 |    33 |    26 ||    74
 Abil: Dig               |     2 |     8 |    11 |    15 |    25 |     6 ||    67
Evoke: Wand              |       |       |     1 |       |       |       ||     1
  Use: Scroll            |       |       |    16 |     1 |    13 |    11 ||    41
       Potion            |       |       |     5 |     9 |     8 |     9 ||    31
 Stab: Confused          |       |       |     1 |       |       |       ||     1
       Sleeping          |       |       |       |    10 |    19 |    10 ||    39
       Distracted        |       |       |       |     1 |     2 |     1 ||     4
  Eat: Chunk             |       |    10 |     8 |    20 |    39 |    17 ||    94
       Meat ration       |       |       |     1 |       |       |       ||     1
       Pizza             |       |       |     1 |     2 |     1 |       ||     4
       Fruit             |       |       |       |     3 |    12 |    10 ||    25
       Beef jerky        |       |       |       |     1 |       |     1 ||     2
